 Dungeon Crawl Stone Soup version 0.27-a0-828-g8289197e94 (webtiles) character file.

Game seed: 3699989560941608973

54 dickylongcocking the Magician (level 3, 0/25 HPs)
             Began as a Djinni Fire Elementalist on Mar 31, 2021.
             Slain by Natasha (5 damage)
             ... on level 2 of the Dungeon.
             The game lasted 00:01:58 (1269 turns).

dickylongcocking the Magician (DjFE)                Turns: 1269, Time: 00:01:58

Health: 0/25       AC:  2    Str:  7    XL:     3   Next: 91%
Gold:   50         EV: 12    Int: 23    God:
                   SH:  0    Dex: 13

rFire    + + .     SeeInvis .   c - +3 dagger (drain)
rCold    x . .     Faith    .   (no shield)
rNeg     . . .     Spirit   .   a - +0 robe
rPois    ∞         Reflect  .   (no helmet)
rElec    .         Harm     .   (no cloak)
rCorr    .         Rampage  .   (no gloves)
Will     .....                  (boots unavailable)
Stlth    ++........             (no amulet)
HPRegen  0.08/turn              d - +6 ring of intelligence
MPRegen  0.00/turn              (no ring)

@: flying
A: fire resistance 2, cold vulnerability 1, float, innate caster, hp casting,
extra vitality 1
a: no special abilities


You were on level 2 of the Dungeon.
You visited 1 branch of the dungeon, and saw 2 of its levels.

You collected 50 gold pieces.

Inventory:

Hand Weapons
 c - a +3 dagger of draining (weapon)
Armour
 a - a +0 robe (worn)
 g - +0 storm dragon scales
Jewellery
 d - a +6 ring of intelligence (left hand)
Scrolls
 f - a scroll of immolation
Potions
 b - a potion of curing {unknown}


   Skills:
 + Level 0.1 Short Blades
 + Level 2.6 Dodging
 + Level 1.9 Stealth
 + Level 3.7 Spellcasting


You couldn't memorise any spells.
You knew the following spells:

 Your Spells              Type           Power      Damage    Failure   Level
a - Foxfire               Conj/Fire      84%        2x1d8     2%          1
b - Conjure Flame         Conj/Fire      21%        6-21      7%          3
c - Inner Flame           Hex/Fire       21%        N/A       7%          3
d - Sticky Flame          Conj/Fire      21%        2d4       22%         4
e - Fireball              Conj/Fire      10%        3d6       54%         5
f - Sting                 Tmut/Pois      84%        1d7       2%          1
Your spell library was empty.

Dungeon Overview and Level Annotations

Branches:
Dungeon (2/15)

Altars:

Annotations:
D:2 Natasha


Innate Abilities, Weirdness & Mutations

You are immune to poison.
Your flesh is very heat resistant. (rF++)
You are vulnerable to cold. (rC-)
You float through the air rather than walking.
You learn spells naturally, not from books.
Your magical power is your life essence.
You have superior vitality. (+4 HP)


Message History

Natasha's front paws start to glow.
The foxfire hits Natasha but does no damage.
Natasha is heavily wounded.
Unknown command.
Casting: Foxfire (safe; 2% risk of failure)
Confirm with . or Enter, or press ? or * to list all spells.
Okay, then.
Your foxfire dissipates!
Casting: Foxfire (safe; 2% risk of failure)
Confirm with . or Enter, or press ? or * to list all spells.
You conjure some foxfire!
The rat bites you. Natasha claws you.
* * * LOW HITPOINT WARNING * * *
Unknown command.
Unknown command.
The foxfire hits the rat.
You kill the rat!
The foxfire hits Natasha.
Natasha is heavily wounded.
There is a stone staircase leading down here.
Unknown command.
Casting: Foxfire (safe; 2% risk of failure)
Confirm with . or Enter, or press ? or * to list all spells.
You conjure some foxfire!
* * * LOW HITPOINT WARNING * * *
Natasha completely misses you.
Unknown command.
Unknown command.
Unknown command.
Your foxfire dissipates!
The foxfire hits Natasha.
Natasha is almost dead.
Unknown command.
You aren't carrying any items that you can evoke.
Unknown command.
Casting: Foxfire (safe; 2% risk of failure)
Confirm with . or Enter, or press ? or * to list all spells.
You conjure some foxfire!
* * * LOW HITPOINT WARNING * * *
Natasha claws you.
You die...

# #.# ####.### #.# #..
... #.# #.##.# .##
#.######....####...
#.........v.#[...#
#......)§@v......##
######..#####>h#........
#......<....#..#........
#..........(#...........
#..###.####.#†##.##....
#. #.# #.#.##.# ... #
#.# #.#.##.####.# #..
#.#.#.......#
###.###.#.........#


You could see Natasha (ally target).

Vanquished Creatures
  Natasha (D:2)
  2 ball pythons (D:1)
  3 endoplasms (D:1)
  2 giant cockroaches (D:1)
  3 goblins (D:1)
  2 hobgoblins (D:1)
  4 kobolds
  5 bats (D:1)
  2 frilled lizards (D:1)
  3 rats
27 creatures vanquished.

Vanquished Creatures (others)
  58 foxfires
58 creatures vanquished.

Grand Total: 85 creatures vanquished

Notes
Turn   | Place    | Note
-------+----------+-------------------------------------------
     0 | D:1      | dickylongcocking the Djinni Fire Elementalist began the
                  | quest for the Orb.
     0 | D:1      | Reached XP level 1. HP: 15/15 MP: 0/0
   171 | D:1      | Reached skill level 3 in Spellcasting
   171 | D:1      | Reached XP level 2. HP: 14/21 MP: 0/0
   964 | D:1      | Reached XP level 3. HP: 22/25 MP: 0/0
   964 | D:1      | Learned a level 1 spell: Sting
  1216 | D:2      | Noticed Natasha
  1222 | D:2      | Killed Natasha
  1257 | D:2      | Noticed Natasha
  1269 | D:2      | Slain by Natasha

Illustrated notes

Levels and vault maps discovered:
D:1:      dpeg_arrival_round_b, layout_rooms
D:2:      layout_loops_ring, uniq_natasha

Skill      XL: |  1 |
---------------+----+-----
Spellcasting   | 3 |  3.7
Short Blades   | |  0.1
Dodging        | |  2.6
Stealth        | |  1.9

Action                   || total
-------------------------++-------
Melee: Dagger            ||    16
 Cast: Foxfire           ||    52
       Sting             ||     3
  Use: Scroll            ||     3
Armor: Robe              ||     4
Dodge: Dodged            ||    18

Table legend: (Time is in decaauts)
 A = Elapsed time spent in this place.
 B = Non-inter-level travel time spent in this place.
 C = Inter-level travel time spent in this place.
 D = Time resting spent in this place.
 E = Time spent auto-exploring this place.
 F = Levels seen in this place.
 G = Mean time per level.
                   A        B        C        D        E       F      G
               +--------+--------+--------+--------+--------+-----+--------+
         Total |   1267 |   1234 |     33 |      2 |   1026 |   2 |  633.5 |
       Dungeon |   1267 |   1234 |     33 |      2 |   1026 |   2 |  633.5 |
               +--------+--------+--------+--------+--------+-----+--------+

Top non-repeatable levels by time:
     D:1: 1202 daAuts
     D:2: 65 daAuts
